AoeStats
← 海峡

Runestones

507668465Analyzed
1v1 RM · 14d ago on Sep 19, 2026· 23m 21s· 2 players
Game mode
Random Map
Map size
Tiny (2 player)
Population
200
Speed
Normal
Resources
Standard
Victory
Conquest
Starting age
Dark Age
Ending age
Imperial Age
RankedLock teamsTeams togetherTeam positionsShared explorationLock speedFull tech treeHidden civsTurbo modeCheats
Victory
Defeat
🇲🇽 Persians · Mexico
1814
+11
🇨🇳 Goths · China
1706
-11
Ux'Bienestar
5:55 Loom
8:34 Feudal Age
9:00 Double-Bit Axe
12:56 Fletching
18:45 Wheelbarrow
21:26 Castle Age
19:12 Horse Collar
19:34 Gold Mining
21:14 Crossbowman
21:50 Bodkin Arrow
22:08 Bow Saw
23:33 Ballistics
海峡
1:02 Loom
9:20 Feudal Age
9:53 Double-Bit Axe
10:28 Man-at-Arms
14:29 Fletching
21:45 Castle Age
20:26 Padded Archer Armor
21:12 Scale Mail Armor
23:03 Wheelbarrow
22:20 Elite Skirmisher
Connection lost

Rejoining the realm…

Still unreachable

The connection could not be restored.

Session expired

The server has moved on; the page needs a fresh start.